 Dungeon Crawl Stone Soup version 0.19-a0-1155-gb6eeeff (console) character file.

239 flowsnake the Grasshopper (level 5, -10/44 HPs)
             Began as a Draconian Warper on Aug 13, 2016.
             Mangled by an ogre
             ... wielding a +0 giant club
              (15 damage)
             ... on level 4 of the Dungeon.
             The game lasted 00:08:18 (1772 turns).

flowsnake the Grasshopper (Draconian Warper)        Turns: 1772, Time: 00:08:20

Health: -10/44     AC:  5    Str: 13    XL:     5   Next: 79%
Magic:  17/17      EV: 13    Int: 15    God:
Gold:   83         SH:  0    Dex: 10    Spells: 4 memorised, 1 level left

rFire  . . .     SeeInvis .     a - +0 falchion
rCold  . . .     Gourm    .     (armour unavailable)
rNeg   . . .     Faith    .     (no shield)
rPois  .         Spirit   .     (helmet restricted)
rElec  .         Dismiss  .     (no cloak)
rCorr  .         Reflect  .     (no gloves)
MR     .....     Harm     .     (no boots)
Stlth  +.........               (no amulet)
                                (no ring)
                                i - ring of magical power

@: no status effects
A: unfitting armour, cold-blooded, AC +5
a: no special abilities


You were on level 4 of the Dungeon.
You were hungry.

You visited 1 branch of the dungeon, and saw 3 of its levels.

You collected 83 gold pieces.

Inventory:

Hand Weapons
 a - a +0 falchion (weapon)
Jewellery
 i - a ring of magical power (left hand)
Scrolls
 c - 3 scrolls of blinking
 e - 4 scrolls of remove curse
 h - a scroll of teleportation
 m - 2 scrolls of identify
 o - a scroll of enchant armour
 q - a scroll of amnesia
Potions
 n - a potion of invisibility {unknown}
 p - a potion of curing
Books
 b - a book of Spatial Translocations

   Spells                             Type                      Level
   a - Apportation                    Translocation                1
   b - Blink                          Translocation                2
   c - Shroud of Golubria             Charms/Translocation         2
   d - Portal Projectile              Translocation                3
   e - Teleport Other                 Translocation                3
   f - Passage of Golubria            Translocation                4
Comestibles
 f - 4 bread rations
 g - 2 meat rations
 j - a fruit
 k - 3 chunks of flesh
 l - a slice of pizza


   Skills:
 + Level 2.9 Fighting
 + Level 2.7 Long Blades
 + Level 0.8 Throwing
 + Level 3.7 Dodging
 + Level 0.8 Stealth
 + Level 2.6 Spellcasting
 * Level 0.5 Charms
 + Level 4.1 Translocations


You had one spell level left.
You knew the following spells:

 Your Spells              Type           Power        Failure   Level  Hunger
a - Apportation           Tloc           ##........   4%          1    #......
b - Blink                 Tloc           N/A          8%          2    ###....
c - Shroud of Golubria    Chrm/Tloc      #.........   14%         2    ###....
d - Teleport Other        Tloc           ##......     14%         3    ###....


Dungeon Overview and Level Annotations

Branches:
Dungeon (2/15)

Altars:
Elyvilon
Zin


Innate Abilities, Weirdness & Mutations

Your plain brown scales are hard. (AC +5)
Your body does not fit into most forms of armour.
You are cold-blooded and may be slowed by cold attacks.


Message History

Throwing (i - inventory):
d - 3 tomahawks of dispersal (quivered)
Press: ? - help, Shift-Dir - straight line, f/p - ogre
Aim: an ogre, wielding a giant club (moderately wounded)
You throw a tomahawk of dispersal.
The tomahawk of dispersal barely misses the ogre.
Throwing (i - inventory):
d - 2 tomahawks of dispersal (quivered)
Press: ? - help, Shift-Dir - straight line, f/p - ogre
Aim: an ogre, wielding a giant club (moderately wounded)
You throw a tomahawk of dispersal.
The tomahawk of dispersal hits the ogre.
The ogre blinks!
The ogre is moderately wounded.
Throwing (i - inventory):
d - a tomahawk of dispersal (quivered)
Press: ? - help, Shift-Dir - straight line, f/p - ogre
Aim: an ogre, wielding a giant club (moderately wounded)
You throw a tomahawk of dispersal.
The tomahawk of dispersal hits the ogre but does no damage.
The ogre is moderately wounded.
The ogre hits you with a giant club!
You die...

···██·█████
█·········█
█·········█
███·········█
···········█
█·········█
█††O··)···█
█··d··ζ···█


███████████ You could see an ogre.

Vanquished Creatures
  Sigmund (D:2)
  3 adders (D:2)
  An ooze (D:2)
  A worm (D:2)
  3 dart slugs (D:1)
  A giant gecko (D:1)
  A ball python (D:1)
  3 bats
  2 giant cockroaches
  3 hobgoblins
  7 jackals
  A quokka (D:2)
  2 giant newts
  5 kobolds
  5 rats
39 creatures vanquished.

Notes
Turn   | Place    | Note
-------+----------+-------------------------------------------
     0 | D:1      | flowsnake the Draconian Warper began the quest for the Orb.
     0 | D:1      | Reached XP level 1. HP: 17/17 MP: 3/3
   286 | D:1      | Reached XP level 2. HP: 21/25 MP: 5/5
   412 | D:1      | Learned a level 2 spell: Blink
   415 | D:1      | Learned a level 2 spell: Shroud of Golubria
   747 | D:2      | Found a white marble altar of Elyvilon.
   759 | D:2      | Noticed Sigmund
   763 | D:2      | Reached XP level 3. HP: 30/30 MP: 6/6
   780 | D:2      | Killed Sigmund
   780 | D:2      | Reached skill level 4 in Translocations
   780 | D:2      | Reached XP level 4. HP: 24/37 MP: 7/7
   780 | D:2      | Reached XP level 5. HP: 27/42 MP: 8/8
  1257 | D:2      | Learned a level 3 spell: Teleport Other
  1548 | D:2      | Found a glowing silver altar of Zin.
  1750 | D:2      | You fall through a shaft for 2 floors!
  1754 | D:4      | Noticed an ogre
  1772 | D:4      | Mangled by an ogre

Vault maps used:
D:1:      evilmike_arrival_hilbert_curve
D:2:      mumra_celtic_spiral_tile, overflow_temple_1_default, zin_treasury,
          uniq_sigmund
D:4:      lightli_sewer_entry_pipes, uniq_menkaure

Skill      XL: |  1  2  3 |
---------------+----------+-----
Dodging        | 3 |  3.7
Translocations | 4 |  4.1
Fighting       | |  2.9
Long Blades    | |  2.7
Throwing       | |  0.8
Stealth        | |  0.8
Spellcasting   | |  2.6
Charms         | |  0.5

Action                   |  1- 3 |  4- 6 || total
-------------------------+-------+-------++-------
Melee: Falchion          |    77 |   106 ||   183
       Tailslap          |     3 |    12 ||    15
Throw: Tomahawk          |       |     5 ||     5
 Cast: Shroud of Golubri |     3 |     4 ||     7
  Use: Scroll            |     3 |     3 ||     6
       Potion            |     1 |       ||     1
 Stab: Sleeping          |       |     1 ||     1
  Eat: Chunk             |       |     3 ||     3
Armor: Skin              |    22 |    26 ||    48
Dodge: Dodged            |    41 |    74 ||   115
